 Dungeon Crawl Stone Soup version 0.16-a0-3389-g45633df (webtiles) character file.

11218 4tharraofdagon the Basher (level 11, 0/103 HPs)
             Began as an Ogre Earth Elementalist on Dec 30, 2014.
             Was an Initiate of Gozag.
             Succumbed to a spiny frog's poison
             ... on level 2 of the Lair of Beasts.
             The game lasted 00:53:41 (8481 turns).

4tharraofdagon the Basher (Ogre Earth Elementalist) Turns: 8481, Time: 00:53:42

Health: 0/103      AC: 15    Str: 18    XL:     11   Next: 74%
Magic:  23/23      EV: 12    Int: 14    God:    Gozag
Gold:   321        SH:  3    Dex: 12    Spells: 2 memorised, 17 levels left

rFire  + . .     SeeInvis .     l - +2 flail (protect)
rCold  . . .     Clarity  +     c - +1 robe
rNeg   . . .     SustAb   +     (shield restricted)
rPois  .         Gourm    .     (helmet restricted)
rElec  +         Spirit   .     W - +2 cloak
rCorr  .         Warding  .     (gloves unavailable)
rMut   .         Rnd*Tele +     (boots unavailable)
MR     +....                    K - amulet of clarity
Stlth  ++........               t - ring of sustain abilities
                                q - ring of flight

@: lethally poisoned, flying, very slightly contaminated, hasted, invisible,
very quick, somewhat resistant to hostile enchantments, unstealthy
A: unfitting armour, large bone plates 2, agile 1, fire resistance 1, frail 1,
electricity resistance, teleportitis 1, tough skin 1
a: Potion Petition, Call Merchant, Bribe Branch, Renounce Religion


You were on level 2 of the Lair of Beasts.
You worshipped Gozag.
Gozag was noncommittal.
You were very hungry.

You visited 2 branches of the dungeon, and saw 15 of its levels.
You also visited: Sewer.

You collected 2428 gold pieces.
You paid 2107 gold pieces to Gozag.

Inventory:

Hand weapons
 l - a +2 flail of protection (weapon)
 w - a +0 blowgun
 H - a +0 giant spiked club
 J - a +0 triple crossbow
Missiles
 b - 264 stones (quivered)
 Q - 4 curare-tipped needles
 U - 5 poisoned javelins
 V - 2 large rocks
 X - 18 arrows of frost
Armour
 c - a +1 robe (worn)
 g - a +2 cloak
 p - a +0 buckler
 B - a +0 large shield
 M - the +18 shield of the gong {rElec rN+ MR+ EV-5}
   (You acquired it on level 8 of the Dungeon)

   It affects your evasion (-5).
   It insulates you from electricity.
   It protects you from negative energy.
   It affects your resistance to hostile enchantments.
 W - a +2 cloak (worn)
Magical staves
 I - an uncursed staff of power {unknown}
Jewellery
 h - an uncursed amulet of resist corrosion
 q - a ring of flight (left hand)
 t - a ring of sustain abilities (right hand)
 x - an uncursed amulet of warding
 K - an amulet of clarity (around neck)
Magical devices
 e - a wand of teleportation (4)
 m - a wand of flame (21)
 v - a wand of slowing (10)
 T - a wand of frost (11)
 Y - a wand of fireball (0)
Scrolls
 j - 3 scrolls of teleportation
 n - 2 scrolls of blinking
 o - 2 scrolls of magic mapping
 r - a scroll of enchant armour
 C - 2 scrolls of random uselessness {unknown}
 E - 4 scrolls of recharging
 P - a scroll of brand weapon {unknown}
 R - 2 scrolls of remove curse
 S - a scroll of noise
 Z - a scroll of amnesia
Potions
 z - 3 potions of restore abilities
 G - a potion of cancellation
 N - a potion of flight
Books
 d - a book of Geomancy

   Spells                             Type                      Level
   a - Sandblast                      Earth                        1
   b - Stoneskin                      Transmutation/Earth          2
   c - Passwall                       Transmutation/Earth          3
   d - Stone Arrow                    Conjuration/Earth            3
   e - Petrify                        Transmutation/Earth          4
   f - Lee's Rapid Deconstruction     Earth                        5
 f - the Compendium of Doomed Conjuration
   (You found it on level 1 of the Lair of Beasts)

   Spells                             Type                      Level
   a - Flame Tongue                   Conjuration/Fire             1
   b - Corpse Rot                     Necromancy                   2
   c - Sublimation of Blood           Necromancy                   2
   d - Poisonous Cloud                Conjuration/Poison/Air       6
   e - Orb of Destruction             Conjuration                  7
 i - a book of Enchantments

   Spells                             Type                      Level
   a - Tukima's Dance                 Hexes                        3
   b - Cause Fear                     Hexes                        4
   c - Silence                        Hexes/Air                    5
   d - Deflect Missiles               Charms/Air                   6
   e - Haste                          Charms                       6
   f - Discord                        Hexes                        8
 s - a book of Death

   Spells                             Type                      Level
   a - Corpse Rot                     Necromancy                   2
   b - Sublimation of Blood           Necromancy                   2
   c - Agony                          Necromancy                   5
   d - Dispel Undead                  Necromancy                   5
   e - Excruciating Wounds            Charms/Necromancy            5
   f - Bolt of Draining               Conjuration/Necromancy       5
 D - a book of Annihilations {highlevel, unknown}

   This book is beyond your current level of understanding.

   Spells                             Type                      Level
   a - Poison Arrow                   Conjuration/Poison           6
   b - Chain Lightning                Conjuration/Air              8
   c - Lehudib's Crystal Spear        Conjuration/Earth            8
   d - Glaciate                       Conjuration/Ice              9
   e - Fire Storm                     Conjuration/Fire             9
 L - a book of Transfigurations

   Spells                             Type                      Level
   a - Stoneskin                      Transmutation/Earth          2
   b - Irradiate                      Conjuration/Transmutation    5
   c - Statue Form                    Transmutation/Earth          6
   d - Hydra Form                     Transmutation                6
   e - Dragon Form                    Transmutation                7
Comestibles
 a - 3 meat rations
 k - 8 bread rations
 A - a royal jelly


   Skills:
 - Level 9.0 Fighting
 * Level 14.7 Maces & Flails
 - Level 5.2 Dodging
 - Level 1.5 Stealth
 + Level 4.0 Shields
 - Level 5.0 Spellcasting
 * Level 4.6 Transmutations
 * Level 5.2 Earth Magic


You had 17 spell levels left.
You knew the following spells:

 Your Spells              Type           Power        Failure   Level  Hunger
a - Sandblast             Erth           ###...       1%          1    None
b - Stoneskin             Trmt/Erth      ###.....     3%          2    ##.....


Dungeon Overview and Level Annotations

Branches:
Dungeon (11/15)            Temple (0/1) D:6            Lair (4/8) D:11
  Snake (0/5) Lair:3
  Swamp: Lair:3-6    Shoals: Lair:3-6       Orc: D:9-12

Altars:
Gozag
Vehumet

Shops:
D:6 [

Annotations:
D:2 Grinder, Purgy
D:3 Kemay's ghost, average OpTm
D:4 Eustachio
D:8 Pikel
D:11 UristMcMason's ghost, experienced DsFi; wojtek's ghost, powerful KoBe


Innate Abilities, Weirdness & Mutations

You are too large for most types of armour.
You have tough skin (AC +1).
You are mostly covered in large bone plates (AC +3, SH +3).
You are agile. (Dex +2)
Your flesh is heat resistant.
You are frail (-10% HP).
You are resistant to electric shocks.
Space occasionally distorts in your vicinity.


Message History

* * * LOW HITPOINT WARNING * * *
You feel sick.
Unknown command.
Unknown command.
Your skin feels tender.
Unknown command.
Unknown command.
Unknown command.
* * * LOW HITPOINT WARNING * * *
You feel sick.
Unknown command.
Unknown command.
Unknown command.
Unknown command.
Unknown command.
Unknown command.
Unknown command.
Unknown command.
You die...
Your body crumbles into a pile of gold.

..........###...#.# >#
...........P.....###.##..#
........................#
......#...........###.###
........##............#
...........##...#....##
.............(........##
..................#....# #..
................@##....## ....
............P#..........#....#
............P#..............##
............##...............#
.............#....#......#P###
..##.....................###
.#.#...............<......#
#.#.......................#
..............#..........##


There were no monsters in sight!

Vanquished Creatures
  Urug (D:10)
  The ghost of 4tharraofdagon the Cleaver, an experienced OpBe of Trog (D:10)
  The ghost of ThermosAquaticus the Archer, an experienced HEAM of Okawaru (Lair:1)
  2 hill giants (D:10)
  A cyclops (D:10)
  2 spiny frogs (Lair:1)
  Sonja (D:10)
  5 trolls
  A two-headed ogre (D:10)
  A basilisk (Lair:1)
  7 yaks (D:11)
  A wyvern (D:10)
  2 hippogriffs
  2 water moccasins
  2 wolves (Lair:4)
  2 orc warriors
  2 porcupines
  4 slaves
  2 black bears
  An ice beast (D:5)
  A sky beast (D:8)
  An eye of draining (D:10)
  4 centaurs
  3 ogres
  5 crocodiles
  6 giant frogs
  A big kobold (D:8)
  2 scorpions (D:8)
  A killer bee (D:8)
  2 centaur zombies
  4 jellies
  2 electric eels (Lair:1)
  3 crimson imps
  9 hounds
  A gnoll shaman (D:6)
  2 centaur skeletons (D:10)
  A quasit (D:9)
  2 orc priests (D:10)
  2 iguanas
  8 orc wizards
  6 worker ants
  A mummy (D:9)
  Robin (D:3)
  11 adders
  21 river rats (Lair:2)
  10 gnolls
  A shadow imp (D:8)
  2 giant mites
  A worm (D:2)
  An adder zombie (D:6)
  An ooze (D:5)
  28 orcs
  21 bats
  19 goblins
  22 hobgoblins
  14 jackals
  9 quokkas
  2 ball pythons
  6 giant cockroaches
  8 giant newts
  18 kobolds
  14 rats
  2 ballistomycetes (D:8)
320 creatures vanquished.

Vanquished Creatures (others)
  A giant spore (D:8)
  2 fungi
3 creatures vanquished.

Grand Total: 323 creatures vanquished

Notes
Turn   | Place    | Note
--------------------------------------------------------------
     0 | D:1      | 4tharraofdagon, the Ogre Earth Elementalist, began the quest for the Orb.
     0 | D:1      | Reached XP level 1. HP: 16/16 MP: 3/3
    52 | D:2      | Reached skill level 1 in Fighting
    52 | D:2      | Reached skill level 1 in Maces & Flails
    52 | D:2      | Reached XP level 2. HP: 25/28 MP: 0/5
   530 | D:3      | Gained mutation: You are partially covered in large bone plates (AC +2, SH +2). [potion of mutation]
   530 | D:3      | Gained mutation: You are agile. (Dex +2) [potion of mutation]
   530 | D:3      | Gained mutation: You are mostly covered in large bone plates (AC +3, SH +3). [potion of mutation]
   531 | D:3      | HP: 1/29 [kobold/short sword (5)]
   533 | D:3      | Reached XP level 3. HP: 1/36 MP: 2/6
   852 | D:2      | yummy
   888 | D:2      | Learned a level 2 spell: Stoneskin
  1011 | D:2      | Reached skill level 3 in Maces & Flails
  1145 | D:3      | Noticed Purgy
  1294 | D:3      | Noticed Grinder
  1295 | D:3      | ommm
  1351 | D:3      | Noticed Robin
  1361 | D:3      | Reached XP level 4. HP: 44/44 MP: 8/8
  1434 | D:3      | Killed Robin
  1513 | D:3      | Paralysed by Grinder for 2 turns
  1544 | D:2      | Paralysed by Grinder for 4 turns
  1554 | D:2      | Paralysed by Grinder for 4 turns
  1582 | D:3      | Noticed Kemay's ghost (average OpTm)
  1685 | D:1      | Gained mutation: Space occasionally distorts in your vicinity. [potion of mutation]
  1685 | D:1      | Gained mutation: Your flesh is heat resistant. [potion of mutation]
  1850 | D:4      | Reached skill level 4 in Fighting
  1871 | D:4      | Reached XP level 5. HP: 54/54 MP: 9/9
  1921 | D:4      | Found an opulent altar of Gozag.
  1949 | D:4      | Became a worshipper of Gozag Ym Sagoz the Greedy
  1963 | D:4      | Noticed Eustachio
  2350 | D:4      | Found a radiant altar of Vehumet.
  2559 | D:5      | Entered Level 5 of the Dungeon
  2665 | D:5      | Noticed an ogre
  2675 | D:5      | Reached XP level 6. HP: 52/65 MP: 8/11
  2704 | D:5      | Killed an ogre
  2704 | D:5      | Reached skill level 5 in Fighting
  2704 | D:5      | Reached skill level 5 in Maces & Flails
  2872 | D:5      | Noticed an ogre
  2881 | D:5      | Killed an ogre
  2881 | D:5      | Reached skill level 6 in Fighting
  2881 | D:5      | Reached XP level 7. HP: 47/75 MP: 9/12
  2919 | D:5      | Found a glowing drain.
  2927 | D:5      | Noticed an ice beast
  2931 | Sewer    | Entered a sewer
  3046 | D:5      | Killed an ice beast
  3217 | D:6      | Found a staircase to the Ecumenical Temple.
  3318 | D:6      | Found Qiafo's Antique Armour Emporium.
  3363 | D:6      | Reached skill level 7 in Fighting
  3430 | D:6      | Reached XP level 8. HP: 70/87 MP: 14/14
  3921 | D:8      | Noticed Pikel
  3991 | D:7      | HP: 2/87 [slave[Pikel] (10)]
  4235 | D:8      | Reached skill level 8 in Maces & Flails
  4389 | D:8      | Reached skill level 9 in Maces & Flails
  4679 | D:9      | Reached XP level 9. HP: 88/97 MP: 15/15
  4726 | D:8      | Reached skill level 10 in Maces & Flails
  4726 | D:8      | Reached skill level 5 in Dodging
  4835 | D:9      | Noticed a troll
  4855 | D:9      | Killed a troll
  4899 | D:9      | Noticed a troll
  4908 | D:9      | Killed a troll
  4908 | D:9      | Reached skill level 11 in Maces & Flails
  5008 | D:9      | Noticed a troll
  5019 | D:9      | Killed a troll
  5109 | D:7      | Reached skill level 12 in Maces & Flails
  5345 | D:8      | Identified a scroll of acquirement
  5443 | D:10     | Entered Level 10 of the Dungeon
  5443 | D:10     | Noticed Sonja
  5504 | D:10     | Noticed 4tharraofdagon's ghost (experienced OpBe)
  5521 | D:10     | Killed 4tharraofdagon's ghost
  5521 | D:10     | Reached skill level 13 in Maces & Flails
  5521 | D:10     | Reached skill level 1 in Shields
  5521 | D:10     | Reached skill level 1 in Transmutations
  5521 | D:10     | Reached XP level 10. HP: 99/107 MP: 16/18
  5686 | D:10     | Killed Sonja
  5693 | D:10     | HP: 4/107 [orc priest/war axe (3)]
  5866 | D:10     | Noticed a hill giant
  5876 | D:10     | Killed a hill giant
  5960 | D:10     | Noticed Urug
  5981 | D:10     | HP: 4/107 [Urug/dire flail (13)]
  5986 | D:10     | Killed Urug
  5988 | D:10     | HP: 4/107 [poisoned by Urug]
  5996 | D:10     | HP: 4/107 [poisoned by Urug]
  6256 | D:11     | Noticed a cyclops
  6264 | D:11     | Noticed UristMcMason's ghost (experienced DsFi)
  6281 | D:10     | Killed a cyclops
  6350 | D:11     | Reached XP level 11. HP: 77/115 MP: 22/22
  6361 | D:11     | Reached skill level 14 in Maces & Flails
  6862 | D:10     | Noticed a hill giant
  6878 | D:10     | Killed a hill giant
  6915 | D:11     | Found a staircase to the Lair.
  6970 | D:11     | Noticed wojtek's ghost (powerful KoBe)
  7016 | Lair:1   | Entered Level 1 of the Lair of Beasts
  7016 | Lair:1   | Noticed a four-headed hydra
  7075 | Lair:1   | Noticed ThermosAquaticus' ghost (experienced HEAM)
  7327 | Lair:2   | Reached skill level 5 in Spellcasting
  7510 | Lair:3   | Found a staircase to the Snake Pit.
  8069 | Lair:1   | Killed ThermosAquaticus' ghost
  8069 | Lair:1   | Reached skill level 5 in Earth Magic
  8112 | Lair:1   | Identified the Compendium of Doomed Conjuration
  8155 | Lair:1   | Gained mutation: You are resistant to electric shocks. [potion of mutation]
  8155 | Lair:1   | Gained mutation: You are frail (-10% HP). [potion of mutation]
  8466 | Lair:1   | HP: 5/103 [poisoned by a spiny frog]
  8471 | Lair:1   | HP: 3/103 [poisoned by a spiny frog]
  8476 | Lair:2   | HP: 1/103 [poisoned by a spiny frog]
  8481 | Lair:2   | Succumbed to a spiny frog's poison

Action                   |  1- 3 |  4- 6 |  7- 9 | 10-12 || total
-------------------------+-------+-------+-------+-------++-------
Melee: Mace              |    73 |       |       |       ||    73
       Flail             |    55 |   249 |   520 |   510 ||  1334
 Cast: Sandblast         |    13 |       |       |       ||    13
       Stoneskin         |     1 |     3 |     5 |    23 ||    32
Invok: Potion Petition   |       |       |     2 |     3 ||     5
Evoke: Wand              |       |     1 |       |     2 ||     3
  Use: Potion            |     1 |     3 |     4 |     8 ||    16
       Scroll            |     7 |       |     8 |     3 ||    18
 Stab: Sleeping          |     2 |       |     3 |     1 ||     6
       Invisible         |       |       |       |     6 ||     6
       Distracted        |       |       |       |     1 ||     1
  Eat: Chunk             |     3 |     2 |       |       ||     5
       Fruit             |       |     5 |     3 |       ||     8
       Beef jerky        |       |       |     3 |     2 ||     5
       Meat ration       |       |       |     1 |     1 ||     2

Vault maps used:
D:1:      minmay_arrival_jagged, minmay_misc_feat_roman, minivault_19,
          kennysheep_nondescript
D:2:      minmay_fountain_box, minmay_joined_circles
D:3:      serial_bayou_crossing, uniq_robin, uniq_grinder, uniq_purgy
D:4:      grunt_gozag_breadcrumbs, vehumet_altar_wand_db, uniq_eustachio
D:5:      first_bread, portal_sewer_entry_b
D:6:      minmay_temple_entry_mist, serial_shops, nicolae_shop_stone
D:8:      uniq_pikel
D:10:     uniq_sonja, uniq_urug
D:11:     due_lair_maze_entry_diamond
Lair:1:   serial_bayou_ford_a, serial_bayou_shore_a
Lair:3:   cheibrodos_magma_flow, minmay_snake_entry_guardpost_small,
          minivault_26, minivault_26
Sewer:    sewer_big_baddie
